 Dungeon Crawl Stone Soup version 0.27-a0-1101-ge311f74bc8 (webtiles) character file.

Game seed: 3000140579554772003

210 streetpizza the Magician (level 5, -2/40 HPs)
             Began as a Djinni Conjurer on Apr 28, 2021.
             Slain by a scorpion (4 damage)
             ... on level 3 of the Dungeon.
             The game lasted 00:12:41 (4144 turns).

streetpizza the Magician (Djinni Conjurer)          Turns: 4144, Time: 00:12:41

Health: -2/40      AC:  2    Str:  6    XL:     5   Next: 87%
Gold:   138        EV: 13    Int: 20    God:
                   SH:  0    Dex: 12

rFire    + + .     SeeInvis .   h - +3 dagger
rCold    x . .     Faith    .   (no shield)
rNeg     . . .     Spirit   .   a - +0 robe
rPois    ∞         Reflect  .   (no helmet)
rElec    .         Harm     .   (no cloak)
rCorr    .         Rampage  .   (no gloves)
Will     .....                  (boots unavailable)
Stlth    ++........             (no amulet)
HPRegen  0.13/turn              (no ring)
MPRegen  0.00/turn              (no ring)

@: flying
A: fire resistance 2, cold vulnerability 1, float, innate caster, hp casting,
extra vitality 1
a: no special abilities


You were on level 3 of the Dungeon.
You visited 1 branch of the dungeon, and saw 4 of its levels.

You collected 138 gold pieces.

Inventory:

Hand Weapons
 h - a +3 dagger (weapon)
 n - a +0 long sword
Missiles
 c - 7 boomerangs
Armour
 a - a +0 robe (worn)
Scrolls
 b - a scroll of enchant weapon {unknown}
 d - 3 scrolls of identify {unknown}
 e - 2 scrolls of teleportation {unknown}
 j - 2 scrolls of amnesia {unknown}
Potions
 f - 4 potions of haste {unknown}
 g - a potion of ambrosia {unknown}
 i - a potion of lignification {unknown}
 k - a potion of flight {unknown}
 l - a potion of curing {unknown}
 m - a potion of magic {unknown}


   Skills:
 + Level 2.9 Fighting
 + Level 4.1 Dodging
 - Level 1.5 Stealth
 + Level 4.5 Spellcasting


You couldn't memorise any spells.
You knew the following spells:

 Your Spells              Type           Power      Damage    Failure   Level
a - Magic Dart            Conj           88%        1d7       1%          1
b - Searing Ray           Conj           44%        3d4       3%          2
c - Dazzling Flash        Conj/Hex       44%        N/A       6%          3
d - Fulminant Prism       Conj/Hex       11%        3d9       19%         4
e - Iskenderun's Mystic   Conj/Tloc      22%        2d6       19%         4
f - Freeze                Ice            88%        1d10      1%          1
g - Ensorcelled Hibernat  Hex/Ice        44%        N/A       3%          2
Your spell library was empty.

Dungeon Overview and Level Annotations

Branches:
Dungeon (4/15)
 Temple: D:4-7

Altars:
Hepliaklqana
Kikubaaqudgha

Shops:
D:3 [


Innate Abilities, Weirdness & Mutations

You are immune to poison.
Your flesh is very heat resistant. (rF++)
You are vulnerable to cold. (rC-)
You float through the air rather than walking.
You learn spells naturally, not from books.
Your magical power is your life essence.
You have superior vitality. (+4 HP)


Message History

The kobold shouts!
The scorpion closely misses you.
You fly upwards.
There is a stone staircase leading down here.
Casting: Fulminant Prism (quite dangerous; 19% risk of failure)
Confirm with . or Enter, or press ? or * to list all spells.
Aiming: Searing Ray (safe; 3% risk of failure)
Press: ? - help, Shift-Dir - straight line, f - scorpion
Aim: a scorpion (78% to hit)
The searing ray hits the scorpion.
The scorpion is lightly wounded. (Press . to maintain the ray.)
The scorpion stings you! The scorpion barely misses you.
The searing ray hits the scorpion.
The scorpion is moderately wounded.
The scorpion stings you!
The searing ray hits the scorpion.
The scorpion is heavily wounded.
The scorpion closely misses you.
The searing ray hits the scorpion.
The scorpion is almost dead.
You finish channeling your searing ray.
The scorpion closely misses you. The scorpion closely misses you.
Casting: Searing Ray (safe; 3% risk of failure)
Confirm with . or Enter, or press ? or * to list all spells.
Aiming: Searing Ray (safe; 3% risk of failure)
Press: ? - help, Shift-Dir - straight line, f/p - scorpion
Aim: a scorpion (severely wounded, 78% to hit)
The searing ray hits the scorpion.
The scorpion is severely wounded. (Press . to maintain the ray.)
The scorpion stings you!
* * * LOW HITPOINT WARNING * * *
The scorpion stings you.
* * * LOW HITPOINT WARNING * * *
The searing ray hits the scorpion.
The scorpion is almost dead.
* * * LOW HITPOINT WARNING * * *
The scorpion stings you.
You die...

############ #..........# #####
#.########.# #...### #.# #.#
#...... ####.# #.# #......
.....########.#############......
................@s.....>.........
.##......####.#########..#.......
.##......# #.########...........
.##......# #..........#.##......
###......# #########..#..#......
......#### #........##.#......
.###### #.####...##..#.#... .#
######.#####.####.#.#... .#
#..........#.## ########


You could see a scorpion.

Vanquished Creatures
  An orc wizard (D:2)
  Natasha (thrice) (D:3)
  3 adders
  2 worms (D:3)
  4 orcs
  5 ball pythons
  5 bats
  6 endoplasms
  3 giant cockroaches
  8 goblins
  4 hobgoblins
  8 jackals
  4 quokkas
  4 frilled lizards
  4 kobolds
  6 rats
70 creatures vanquished.

Notes
Turn   | Place    | Note
-------+----------+-------------------------------------------
     0 | D:1      | streetpizza the Djinni Conjurer began the quest for the
                  | Orb.
     0 | D:1      | Reached XP level 1. HP: 15/15 MP: 0/0
   322 | D:1      | Reached XP level 2. HP: 20/22 MP: 0/0
   385 | D:1      | Found a faded altar of an unknown god.
   656 | D:1      | Reached skill level 1 in Fighting
   997 | D:1      | Reached XP level 3. HP: 19/27 MP: 0/0
   997 | D:1      | Learned a level 1 spell: Freeze
  1857 | D:2      | Reached XP level 4. HP: 28/33 MP: 0/0
  2993 | D:3      | Found Dyizes's Armour Shoppe.
  3149 | D:3      | Found a hazy altar of Hepliaklqana.
  3182 | D:3      | Reached XP level 5. HP: 39/39 MP: 0/0
  3182 | D:3      | Learned a level 2 spell: Ensorcelled Hibernation
  3491 | D:3      | Noticed Natasha
  3510 | D:3      | Killed Natasha
  3893 | D:3      | Noticed Natasha
  3895 | D:3      | Killed Natasha
  3934 | D:3      | Noticed Natasha
  3940 | D:3      | Killed Natasha
  4144 | D:3      | Slain by a scorpion

Illustrated notes

Levels and vault maps discovered:
D:1:      kennysheep_arrival_forest, layout_basic, serial_rivers,
          chequers_serial_rivers_micro_d, chequers_serial_rivers_room_b,
          chequers_serial_rivers_micro_b, chequers_serial_rivers_small_b,
          chequers_serial_rivers_micro_a, ebering_ecumenical_altar_sacrificial
D:2:      layout_basic
D:3:      layout_basic, nicolae_hepliaklqana_hippocampus,
          nicolae_overflow_crystal_walls, serial_shops,
          nicolae_shop_window_shopping, uniq_natasha
D:4:      layout_rooms, serial_curves, eino_curves_01, eino_curves_04

Skill      XL: |  1  2  3  4  5 |
---------------+----------------+-----
Fighting       | 1 2 |  2.9
Dodging        | 3 4 |  4.1
Spellcasting   | 4 |  4.5
Stealth        | |  1.5

Action                   |  1- 3 |  4- 6 || total
-------------------------+-------+-------++-------
Melee: Dagger            |    37 |    91 ||   128
 Cast: Magic Dart        |    49 |     2 ||    51
       Searing Ray       |     2 |     8 ||    10
       Ensorcelled Hiber |       |     1 ||     1
 Stab: Sleeping          |     2 |     8 ||    10
Armor: Robe              |    13 |     8 ||    21
Dodge: Dodged            |    14 |    54 ||    68

Table legend: (Time is in decaauts)
 A = Elapsed time spent in this place.
 B = Non-inter-level travel time spent in this place.
 C = Inter-level travel time spent in this place.
 D = Time resting spent in this place.
 E = Time spent auto-exploring this place.
 F = Levels seen in this place.
 G = Mean time per level.
                   A        B        C        D        E       F      G
               +--------+--------+--------+--------+--------+-----+--------+
         Total |   4143 |   3995 |    148 |    372 |   3045 |   4 | 1035.8 |
       Dungeon |   4143 |   3995 |    148 |    372 |   3045 |   4 | 1035.8 |
               +--------+--------+--------+--------+--------+-----+--------+

Top non-repeatable levels by time:
     D:1: 1407 daAuts
     D:2: 1375 daAuts
     D:3: 1355 daAuts
     D:4: 5 daAuts
